Map: Dusk Towers

Players

Blazejwa

  • Race: Terran Terran
  • League: Master

A.I. 1 (Very Easy) - Winner!

  • Race: Zerg Zerg

VOD

Have the link to the VOD?

Description

Time

  • Played on: Feb. 23, 2016, 7:47 a.m.
  • Length: 5:48
Show
View Real Time Build Order
Export as new Build Order

Blazejwa Terran 

Build Orders: Reaper Expand 

Get SALT Encoding   

  12  0:00  SCV  
  13  0:13  SCV  
  14  0:17  Supply Depot  
  14  0:25  SCV  
  15  0:38  SCV  
  15  0:40  Barracks  
  16  0:44  Refinery  
  16  0:50  SCV  
  17  1:02  SCV  
  18  1:15  SCV  
  19  1:27  Orbital Command  
  19  1:28  Reaper  
  20  1:41  Command Center  
  20  1:50  Supply Depot  
  20  1:54  SCV  
  20  1:59  Marine  
  22  2:06  Barracks  
  22  2:07  SCV  
  23  2:12  Refinery  
  23  2:19  SCV, Barracks Reactor  
  24  2:31  SCV  
  25  2:43  Factory  
  25  2:44  SCV  
  26  2:53  Orbital Command  
  26  2:54  Barracks Tech Lab  
  26  2:57  SCV, Marine x2  
  29  3:00  Engineering Bay  
  29  3:09  SCV  
  30  3:13  Stimpack  
  30  3:16  Marine x2  
  32  3:20  SCV  
  32  3:26  Terran Infantry Weapons Level 1  
  33  3:30  Starport  
  33  3:34  SCV  
  33  3:35  SCV, Marine  
  33  3:36  Marine  
  33  3:38  Factory Reactor  
  37  3:47  SCV x2  
  39  3:50  Marine  
  39  3:52  Supply Depot  
  39  3:53  Marine  
  39  3:54  Marine  
  42  3:59  SCV x2, Supply Depot  
  44  4:08  Marine  
  45  4:12  Marine  
  45  4:14  SCV x2, Marine  
  49  4:18  Medivac x2  
  49  4:22  Supply Depot  
  53  4:25  Marine  
  53  4:26  SCV x2  
  53  4:30  Marine  
  57  4:31  Marine  
  57  4:37  Supply Depot  
  59  4:38  SCV x2  
  59  4:43  Marine  
  61  4:48  Marine  
  61  4:49  Marine, Supply Depot  
  61  4:50  SCV x2  
  65  4:57  Medivac x2  
  69  5:01  Marine  
  69  5:02  Refinery, SCV x2  
  72  5:18  SCV x2  
  72  5:19  Marine x3  
  72  5:20  Command Center  
  79  5:37  Refinery  
  79  5:38  Supply Depot x2  
  79  5:41  Barracks, Supply Depot  
  79  5:42  Barracks  
Show
View Real Time Build Order
Export as new Build Order

A.I. 1 (Very Easy) Zerg - Winner!

Build Orders: Pool Only 

Get SALT Encoding   

  12  0:01  Drone  
  13  0:12  Overlord  
  13  0:17  Drone  
  14  0:35  Spawning Pool  
  14  0:38  Extractor  
  14  0:39  Drone  
  13  0:46  Drone  
  14  0:51  Overlord  
  14  1:23  Zergling x2, Queen  
  17  1:31  Roach Warren  
  17  1:32  Extractor  
  15  1:36  Drone  
  16  1:43  Drone  
  17  1:51  Zergling x2  
  18  2:02  Drone  
  19  2:09  Drone  
  20  2:19  Drone, Zergling x2  
  22  2:29  Overlord  
  22  2:32  Drone  
  23  2:39  Drone  
  24  2:46  Drone  
  24  2:47  Roach  
  27  5:24  Zergling x2  
  27  5:26  Overlord  
  23  5:35  Drone, Roach Warren  
Tags
 
Add a new tag
Caveats
  • Supply blocks, unpowered buildings, or Contaminate may cause inaccurate times.
  • Supply counts are checked every 10 seconds.